 Dungeon Crawl Stone Soup version 0.21-a0-632-g1e37ce5 (webtiles) character file.

8160 Amnesiac the Spear-Bearer (level 11, -3/75 HPs)
             Began as a Demonspawn Fighter on Dec 28, 2017.
             Was an Elder of Okawaru.
             Killed from afar by an electric eel (11 damage)
             ... with a bolt of electricity
             ... on level 1 of the Lair of Beasts.
             The game lasted 00:15:02 (10507 turns).

Amnesiac the Spear-Bearer (Demonspawn Fighter)     Turns: 10507, Time: 00:15:03

Health: -3/75      AC: 16    Str: 20    XL:     11   Next: 6%
Magic:  0/15       EV: 10    Int:  9    God:    Okawaru [****..]
Gold:   516        SH:  9    Dex: 13    Spells: 9/10 levels left

rFire    . . .     SeeInvis .   a - +0 trident
rCold    . . .     Gourm    .   c - +0 shield
rNeg     . . .     Faith    .   F - +2 ring mail {rPois}
rPois    +         Spirit   +   z - +0 helmet
rElec    .         Reflect  .   b - +0 cloak
rCorr    .         Harm     .   e - +1 pair of gloves
MR       ++...                  (no boots)
Stlth    ..........             r - amulet of guardian spirit
HPRegen  0.22/turn              p - ring of protection from magic
MPRegen  0.14/turn              m - ring of protection from magic

@: no status effects
A: hooves 2, iridescent scales 2, powered by death 1
a: Heroism, Renounce Religion


You were on level 1 of the Lair of Beasts.
You worshipped Okawaru.
Okawaru was greatly pleased with you.
You were not hungry.

You visited 3 branches of the dungeon, and saw 12 of its levels.

You collected 516 gold pieces.

Inventory:

Hand Weapons
 a - a +0 trident (weapon)
 M - a +0 blowgun
Missiles
 i - 181 stones (quivered)
 k - 38 poisoned needles
 D - 4 needles of confusion
 N - a throwing net
Armour
 b - a +0 cloak (worn)
 c - a +0 shield (worn)
 e - a +1 pair of gloves (worn)
 z - a +0 helmet (worn)
 F - a +2 ring mail of poison resistance (worn)
Jewellery
 m - a ring of protection from magic (right hand)
 p - a ring of protection from magic (left hand)
 r - an amulet of guardian spirit (around neck)
 u - an uncursed ring of protection from cold
 y - an uncursed ring of flight
Wands
 o - a wand of scattershot (3)
 s - a wand of polymorph (22)
 v - a wand of digging (18)
 x - a wand of acid (26)
 B - a wand of random effects (87)
 G - a wand of disintegration (14)
 P - a wand of paralysis (11)
 S - a wand of flame (16)
Scrolls
 j - 4 scrolls of teleportation {!r, unknown}
 l - 3 scrolls of amnesia {!r}
 q - 4 scrolls of fear {!r}
 A - a scroll of brand weapon {!r}
 C - a scroll of fog {!r}
 E - 5 scrolls of enchant weapon {!r}
 J - 2 scrolls of magic mapping {!r}
 K - a scroll of blinking {!r, unknown}
 L - a scroll of immolation {!r}
 Q - a scroll of identify {!r}
 T - a scroll of torment {!r, unknown}
Potions
 d - 3 potions of might {!q}
 g - 4 potions of degeneration {!q}
 h - a potion of brilliance {!q}
 n - 3 potions of curing {!q}
 t - a potion of flight {!q}
 w - 2 potions of berserk rage {!q}
 H - a potion of haste {!q}
 I - 2 potions of resistance {!q}
Miscellaneous
 R - a box of beasts
Comestibles
 f - 20 rations


   Skills:
 - Level 3.5 Fighting
 - Level 14.0 Polearms
 - Level 3.1 Armour
 - Level 3.1 Dodging
 - Level 3.1 Shields
 + Level 6.0 Invocations


You had 9 spell levels left.
You knew the following spells:

 Your Spells              Type           Power        Failure   Level  Hunger
z - Confusing Touch       Hex            #.....       97%         1    ##.....


Dungeon Overview and Level Annotations

Branches:
Dungeon (10/15)            Temple (1/1) D:6            Lair (1/6) D:8
    Orc: D:9-12

Altars:
Cheibriados
Dithmenos
Elyvilon
Fedhas
Hepliaklqana
Nemelex Xobeh
Okawaru
Sif Muna
Trog
Zin

Shops:
D:8 [

Annotations:
Lair:1 exclusion: oklob plant


Innate Abilities, Weirdness & Mutations

You have hoof-like feet.
You are mostly covered in iridescent scales. (AC +4)
You regenerate a little health from kills.


Message History

No target in view!
You found a shaft!
A water moccasin comes into view.
The water moccasin hisses angrily.
Found a trident.
A water moccasin is nearby!
Found a ring mail.
A water moccasin is nearby!
You puncture the water moccasin!
The water moccasin is moderately wounded.
The water moccasin bites you!
You closely miss the water moccasin. You kick the water moccasin.
The water moccasin is heavily wounded.
The water moccasin bites you but does no damage.
You puncture the water moccasin!
The water moccasin is almost dead.
The water moccasin completely misses you.
You miss the water moccasin.
The water moccasin is almost dead.
The water moccasin bites you but does no damage.
You closely miss the water moccasin.
The water moccasin is almost dead.
The water moccasin bites you.
You hit the water moccasin.
You kill the water moccasin!
Okawaru accepts your kill.
Your Invocations skill increases to level 6!
No target in view!
No target in view!
No target in view!
l - 3 scrolls of amnesia {!r} (gained 1)
You now have 516 gold pieces (gained 26).
Key pressed, stopping explore.
No target in view!
An electric eel comes into view.
An electric eel comes into view.
You enter the shallow water.
Moving in this stuff is going to be slow.
Your unstable footing causes you to fumble your attack.
The electric eel shoots out a bolt of lightning at you!
The bolt of electricity hits you! x2
The electric eel shoots out a bolt of lightning at you!
The bolt of electricity hits the electric eel.
The electric eel completely resists.
The bolt of electricity hits you!
You hit the electric eel but do no damage.
The electric eel shoots out a bolt of lightning at you!
The bolt of electricity hits the electric eel.
The electric eel completely resists.
The bolt of electricity hits you! x2
* * * LOW HITPOINT WARNING * * *
You start resting.
The electric eel shoots out a bolt of lightning at you!
The bolt of electricity hits you!
* * * LOW HITPOINT WARNING * * *
The electric eel shoots out a bolt of lightning at you!
The bolt of electricity hits you!
* * * LOW HITPOINT WARNING * * *
The bolt of electricity hits you!
* * * LOW HITPOINT WARNING * * *
The electric eel shoots out a bolt of lightning at you!
The bolt of electricity hits you!
* * * LOW HITPOINT WARNING * * *
The electric eel shoots out a bolt of lightning at you!
The bolt of electricity hits you!
You die...

##.......##
#.........
#........#
#....[.....
##......##
#..........
#P....##
#..........
##....#
...........
#...##
........... #...#
.......... ##..##
....... ##@.#
....... #...##
....... ###..###
....... #..#.#
......# #...##
......#
♣♣♣..####......#.
♣≈P;;P≈≈≈.....#..
♣≈≈≈≈≈≈P≈≈P..
♣PP≈≈≈≈≈≈≈PP...


You could see 2 electric eels.

Vanquished Creatures
  An unseen horror (D:8)
  Pikel (D:9)
  A black mamba (Lair:1)
  Joseph (D:6)
  The ghost of Amnesiac the Thaumaturge, a novice SpVM of Sif Muna (D:5)
  A hornet (D:9)
  Grinder (D:3)
  A hippogriff (D:7)
  A wraith (D:10)
  A yak (D:9)
  A basilisk (Lair:1)
  Edmund (D:4)
  Duvessa (D:6)
  4 water moccasins
  A porcupine (Lair:1)
  An orc warrior (D:10)
  6 ice beasts
  3 sky beasts (D:7)
  A phantom (D:4)
  A necrophage (D:7)
  A wolf (D:8)
  2 black bears
  4 ogres
  2 centaurs (D:7)
  2 big kobolds
  6 bullfrogs
  A gnoll sergeant (D:8)
  Dowan (D:6)
  5 scorpions
  6 killer bees (D:8)
  An electric eel (D:8)
  2 howler monkeys
  A crimson imp (D:8)
  6 jellies
  A quasit (D:7)
  6 orc priests
  2 bullfrog skeletons
  2 centaur skeletons (D:6)
  Crazy Yiuf (D:4)
  5 hounds
  2 iguanas
  8 orc wizards
  Ijyb (D:3)
  3 worker ants
  A bullfrog simulacrum (D:8)
  A hound skeleton (D:5)
  A howler monkey zombie (D:5)
  3 worker ant zombies
  Robin (D:4)
  6 gnolls
  12 adders
  2 shadow imps
  A worker ant simulacrum (D:8)
  An ufetubus (D:8)
  5 oozes
  6 worms
  An adder simulacrum (D:8)
  2 dart slugs
  6 leopard geckos
  23 orcs
  7 giant cockroaches
  15 goblins
  8 hobgoblins
  14 jackals
  4 quokkas
  2 ball pythons
  9 bats
  3 frilled lizards
  2 jackal skeletons (D:4)
  12 kobolds
  3 leopard gecko skeletons
  10 rats
262 creatures vanquished.

Vanquished Creatures (others)
  A slave (D:9)
  A black bear (D:9)
  A centaur skeleton (D:9)
3 creatures vanquished.

Grand Total: 265 creatures vanquished

Notes
Turn   | Place    | Note
-------+----------+-------------------------------------------
     0 | D:1      | Amnesiac the Demonspawn Fighter began the quest for the Orb.
     0 | D:1      | Reached XP level 1. HP: 18/18 MP: 1/1
    30 | D:1      | Reached skill level 2 in Polearms
    59 | D:1      | Gained mutation: You have large cloven feet. [demonic ancestry]
    59 | D:1      | Reached XP level 2. HP: 23/24 MP: 2/2
   236 | D:1      | Reached skill level 1 in Dodging
   560 | D:1      | Gained mutation: You regenerate a little health from kills. [demonic ancestry]
   560 | D:1      | Reached XP level 3. HP: 28/29 MP: 3/3
   682 | D:2      | Found a hazy altar of Hepliaklqana.
   735 | D:2      | Reached skill level 3 in Polearms
   814 | D:2      | Found a snail-covered altar of Cheibriados.
  1067 | D:2      | Gained mutation: You have hoof-like feet. [demonic ancestry]
  1067 | D:2      | Reached XP level 4. HP: 35/35 MP: 2/4
  1087 | D:2      | Found a white marble altar of Elyvilon.
  1683 | D:3      | Noticed Grinder
  1698 | D:4      | Noticed Edmund
  2120 | D:3      | Reached skill level 4 in Polearms
  2120 | D:3      | Reached XP level 5. HP: 35/41 MP: 5/5
  2329 | D:3      | Paralysed by Grinder for 7 turns
  2346 | D:3      | Killed Grinder
  2346 | D:3      | Reached skill level 5 in Polearms
  2346 | D:3      | Reached XP level 6. HP: 29/47 MP: 6/6
  2454 | D:3      | Noticed Ijyb
  2478 | D:3      | Killed Ijyb
  2826 | D:4      | Found a bloodstained altar of Trog.
  2873 | D:4      | Noticed Robin
  2892 | D:4      | Reached XP level 7. HP: 52/52 MP: 7/7
  2915 | D:4      | Killed Robin
  3300 | D:4      | Found a runed door.
  3441 | D:5      | Entered Level 5 of the Dungeon
  3521 | D:5      | Reached skill level 6 in Polearms
  4001 | D:5      | Noticed Amnesiac's ghost (novice SpVM)
  4695 | D:6      | Reached skill level 7 in Polearms
  4878 | D:6      | Reached XP level 8. HP: 58/58 MP: 8/8
  4888 | D:6      | Reached skill level 8 in Polearms
  4896 | D:6      | Found an iron altar of Okawaru.
  4902 | D:6      | Became a worshipper of Warmaster Okawaru
  5215 | D:6      | Found a staircase to the Ecumenical Temple.
  5223 | D:6      | Noticed Dowan
  5225 | D:6      | Noticed Duvessa
  5265 | D:6      | Killed Duvessa
  5270 | D:6      | Killed Dowan
  5326 | D:6      | Reached skill level 9 in Polearms
  5365 | D:5      | Reached * piety under Okawaru
  5372 | D:5      | Found a deep blue altar of Sif Muna.
  5643 | D:5      | Killed Amnesiac's ghost
  5643 | D:5      | Reached skill level 10 in Polearms
  5643 | D:5      | Gained mutation: You are partially covered in iridescent scales. (AC +2) [demonic ancestry]
  5643 | D:5      | Reached XP level 9. HP: 58/64 MP: 9/9
  5713 | D:4      | Killed Edmund
  5852 | D:4      | Noticed Crazy Yiuf
  5858 | D:4      | Killed Crazy Yiuf
  6099 | Temple   | Entered the Ecumenical Temple
  6145 | D:7      | Noticed Joseph
  6484 | D:6      | Killed Joseph
  6484 | D:6      | Reached ** piety under Okawaru
  6644 | D:7      | Reached skill level 11 in Polearms
  6993 | D:7      | Reached skill level 12 in Polearms
  7063 | D:7      | Found a shadowy altar of Dithmenos.
  7275 | D:7      | Gained mutation: You are mostly covered in iridescent scales. (AC +4) [demonic ancestry]
  7275 | D:7      | Reached XP level 10. HP: 66/70 MP: 7/10
  7517 | D:8      | Found Diwny's Armour Boutique.
  7589 | D:8      | Found a blossoming altar of Fedhas.
  7590 | D:8      | Found a sparkling altar of Nemelex Xobeh.
  7668 | D:8      | Reached *** piety under Okawaru
  8209 | D:8      | Found a staircase to the Lair.
  8254 | D:8      | Reached skill level 13 in Polearms
  8355 | D:8      | Killed an unseen horror
  8355 | D:8      | Reached **** piety under Okawaru
  8900 | D:9      | Noticed Pikel
  8924 | D:9      | Killed Pikel
  9095 | D:9      | Paralysed by a hornet for 3 turns
  9405 | D:9      | Found a glowing silver altar of Zin.
  9424 | D:9      | Got a shimmering long sword
  9738 | D:10     | Entered Level 10 of the Dungeon
  9750 | D:10     | Reached skill level 14 in Polearms
  9995 | D:4      | Learned a level 1 spell: Confusing Touch
  9995 | D:4      | Identified the +7 long sword "Osiliex" {freeze, rN++ Str+4} (You found it on level 9 of the Dungeon)
 10090 | Lair:1   | Entered Level 1 of the Lair of Beasts
 10155 | Lair:1   | Noticed a black mamba
 10170 | Lair:1   | Killed a black mamba
 10170 | Lair:1   | Reached skill level 5 in Invocations
 10170 | Lair:1   | Reached XP level 11. HP: 50/75 MP: 9/15
 10286 | Lair:1   | Noticed an oklob plant
 10507 | Lair:1   | Killed from afar by an electric eel

Vault maps used:
D:1:      minmay_arrival_stone_box
D:2:      overflow_temple_1_default, old_standard_altar, first_ration,
          cheibriados_altar_1
D:3:      uniq_ijyb, uniq_grinder
D:4:      lemuel_round_altar, uniq_robin, uniq_crazy_yiuf_cottage, uniq_edmund
D:5:      basic_altar
D:6:      temple_doors_cd, hangedman_abyss_or_decor_passed,
          okawaru_ov_weapons_minmay, uniq_duvessa
D:7:      nicolae_dithmenos_the_darkroom, uniq_joseph
D:8:      nicolae_overflow_hidden_temple, lair_entry_dummy, serial_shops, shop,
          serial_ice, serial_ice_f, serial_ice_d, serial_ice_k, serial_ice_e,
          serial_ice_m
D:9:      old_standard_altar, blue_anna_alchemist, uniq_pikel
D:10:     kennysheep_orc_monster_closet_entryway, serial_curves, eino_curves_02,
          eino_curves_03, serial_shops, shop
Temple:   regret_index_temple_waves
Lair:1:   serial_bayou_pond_a, minmay_lair_oklob_bushes, grunt_megastairs_3,
          serial_bayou_shore_a, infiniplex_staircase_pool_2

Skill      XL: |  1  2  3  4  5  6  7  8  9 10 11 |
---------------+----------------------------------+-----
Polearms       | 2 3 4 5 7 10 12 14 | 14.0
Dodging        | 1 2 3 |  3.1
Armour         | 3 |  3.1
Shields        | 3 |  3.1
Invocations    | 5 6 |  6.0
Fighting       | |  3.5

Action                   |  1- 3 |  4- 6 |  7- 9 | 10-12 || total
-------------------------+-------+-------+-------+-------++-------
Melee: Trident           |   108 |   258 |   579 |   348 ||  1293
       Kick              |    19 |    35 |   153 |   100 ||   307
  Use: Scroll            |       |     6 |       |    10 ||    16
       Potion            |       |       |     2 |     1 ||     3
  Eat: Chunk             |     1 |     6 |     8 |     7 ||    22
       Ration            |       |       |     2 |     1 ||     3
Armor: Scale mail        |    14 |    90 |    74 |       ||   178
       Ring mail         |       |       |   103 |   139 ||   242
Dodge: Dodged            |    12 |    70 |   131 |   103 ||   316
Block: Shield            |    40 |    98 |   186 |   106 ||   430

Table legend:
 A = Spawn XP
 B = Non-spawn XP
 C = Spawn XP percentage of total XP
 D = Spawn monster count
 E = Non-spawn monster count
 F = Spawn count percentage of total count
 G = Total turns spent on level
                    A         B        C        D         E        F      G
               +---------+---------+-------+---------+---------+-------+---------
         Total |       0 |   11658 |   0.0 |       0 |     262 |   0.0 | 10507
               +---------+---------+-------+---------+---------+-------+---------
           D:1 |       0 |      42 |   0.0 |       0 |      22 |   0.0 |   673
           D:2 |       0 |      84 |   0.0 |       0 |      20 |   0.0 |   733
           D:3 |       0 |     454 |   0.0 |       0 |      35 |   0.0 |  1360
           D:4 |       0 |     448 |   0.0 |       0 |      27 |   0.0 |  1055
           D:5 |       0 |    1065 |   0.0 |       0 |      22 |   0.0 |  1216
           D:6 |       0 |    1602 |   0.0 |       0 |      34 |   0.0 |  1667
           D:7 |       0 |    1960 |   0.0 |       0 |      39 |   0.0 |   917
           D:8 |       0 |    2720 |   0.0 |       0 |      42 |   0.0 |  1472
           D:9 |       0 |    1305 |   0.0 |       0 |       7 |   0.0 |   922
          D:10 |       0 |     684 |   0.0 |       0 |       7 |   0.0 |    73
        Lair:1 |       0 |    1294 |   0.0 |       0 |       7 |   0.0 |   417
               +---------+---------+-------+---------+---------+-------+---------
